Map: Nightscape LE

Players

papastreck - Winner!

  • Race: Zerg Zerg
  • League: Grandmaster
  • Spawn Location: 1:00

StimAClick - Winner!

  • Race: Terran Terran
  • League: Diamond
  • Spawn Location: 1:00

qqq

  • Race: Protoss Protoss
  • League: Platinum
  • Spawn Location: 7:00

Massa

  • Race: Terran Terran
  • League: Platinum
  • Spawn Location: 7:00

VOD

Have the link to the VOD?

Description

Time

  • Played on: Dec. 31, 2020, 8:19 a.m.
  • Length: 7:25
Show
View Real Time Build Order
Export as new Build Order

papastreck Zerg - Winner!

Build Orders: Hatch First 

Get SALT Encoding   

  12  0:00  Drone  
  13  0:12  Overlord  
  13  0:17  Drone  
  14  0:30  Drone x2  
  16  0:36  Drone  
  17  0:53  Hatchery  
  17  0:54  Drone  
  17  1:03  Drone  
  18  1:12  Spawning Pool  
  18  1:16  Drone  
  18  1:17  Extractor  
  17  1:20  Drone  
  18  1:28  Drone  
  19  1:38  Overlord  
  19  1:50  Drone  
  20  1:59  Queen  
  20  2:00  Drone  
  23  2:05  Drone, Queen  
  26  2:21  Hatchery  
  24  2:51  Lair  
  24  2:53  Metabolic Boost  
  24  2:56  Zergling x10  
  24  2:57  Zergling x2  
  30  3:09  Overlord x2  
  30  3:45  Queen  
  32  3:52  Nydus Network  
  32  3:54  Zergling x16  
  39  3:56  Zergling x2  
  40  4:15  Zergling x2  
  40  4:16  Zergling x2  
  42  4:23  Drone x2  
  44  4:29  Nydus Canal  
  44  4:32  Zergling x2  
  44  4:33  Zergling x2  
  46  4:43  Zergling x2  
  46  4:44  Zergling x2  
  48  4:49  Nydus Canal  
  43  5:21  Zergling x14  
  43  5:23  Nydus Canal  
  43  5:39  Zergling x4  
  39  5:48  Queen x2  
  33  6:16  Nydus Canal  
  33  6:19  Overseer  
  33  6:23  Queen x2  
  37  6:42  Zergling x2  
  37  6:43  Zergling x16  
  44  6:54  Nydus Canal  
Show
View Real Time Build Order
Export as new Build Order

StimAClick Terran - Winner!

Build Orders: Reaper Expand 

Get SALT Encoding   

  12  0:01  SCV  
  13  0:13  SCV  
  14  0:18  Supply Depot  
  14  0:26  SCV  
  15  0:40  SCV  
  15  0:42  Barracks  
  16  0:46  Refinery  
  16  0:52  SCV  
  17  1:04  SCV  
  18  1:16  SCV  
  19  1:30  Orbital Command, Reaper  
  20  1:39  Command Center  
  20  1:55  SCV  
  21  2:04  Barracks Reactor, Supply Depot  
  21  2:07  SCV  
  22  2:08  Refinery  
  22  2:19  SCV  
  23  2:34  Factory  
  23  2:39  SCV  
  23  2:40  Marine x2  
  25  2:52  SCV, Orbital Command  
  25  2:56  Supply Depot  
  26  3:00  Marine x2  
  26  3:02  Barracks  
  28  3:19  Factory Tech Lab  
  27  3:24  Starport  
  27  3:27  SCV x2  
  29  3:29  Marine x2  
  31  3:41  SCV x2, Siege Tank  
  36  3:49  Barracks  
  36  3:50  Marine  
  36  3:51  Marine  
  36  3:53  SCV  
  39  3:59  SCV  
  35  4:02  Medivac  
  40  4:06  SCV  
  40  4:09  Barracks Tech Lab  
  43  4:17  SCV  
  43  4:18  Marine x2  
  43  4:21  SCV  
  43  4:23  Factory Reactor  
  43  4:24  Stimpack  
  47  4:26  Marauder  
  47  4:31  SCV  
  50  4:35  SCV  
  50  4:36  Starport Reactor  
  51  4:39  Barracks Reactor  
  51  4:43  SCV  
  52  4:59  Supply Depot  
  54  5:02  Supply Depot  
  52  5:32  Marauder, Marine x4  
  58  5:42  Barracks  
  58  5:44  Factory Tech Lab  
  58  5:45  SCV x2  
  60  5:54  Marauder  
  62  6:03  SCV x2  
  62  6:06  Marine x2  
  62  6:07  Marine x2  
  62  6:08  Siege Tank  
  69  6:13  Supply Depot  
  69  6:15  Refinery, Supply Depot  
  69  6:16  Refinery, Marine, Supply Depot  
  70  6:18  Command Center  
  70  6:21  Medivac, Supply Depot  
  70  6:30  Marine  
  70  6:31  Medivac  
  70  6:35  Marauder, Marine x5  
  70  6:39  SCV x2  
  79  6:44  Supply Depot  
  79  6:48  Marine  
  79  6:52  Marine  
  81  6:57  Marauder, Marine x3  
  81  6:58  Marine  
  87  7:02  Supply Depot  
  87  7:04  Supply Depot  
  87  7:06  SCV x2  
Show
View Real Time Build Order
Export as new Build Order

qqq Protoss 

Build Orders:  

Get SALT Encoding   

  12  0:00  Probe  
  13  0:21  Pylon  
  13  0:24  Probe  
  14  0:36  Probe  
  15  0:43  Gateway  
  15  0:48  Probe  
  16  1:08  Probe  
  17  1:14  Pylon  
  17  1:17  Forge  
  17  1:20  Probe  
  18  1:29  Pylon  
  18  1:31  Assimilator  
  18  1:32  Probe  
  19  1:44  Probe  
  20  1:54  Photon Cannon  
  20  2:01  Photon Cannon  
  20  2:08  Probe  
  21  2:09  Cybernetics Core  
  21  2:20  Probe  
  22  2:32  Probe  
  23  2:44  Probe  
  23  2:48  Nexus  
  24  3:00  Assimilator  
  24  3:07  Probe  
  24  3:09  Pylon  
  24  3:12  Photon Cannon  
  25  3:13  Stargate  
  25  3:19  Probe  
  26  3:22  Shield Battery  
  26  3:30  Pylon  
  26  3:38  Probe  
  27  3:50  Probe  
  28  4:02  Probe  
  29  4:03  Fleet Beacon  
  29  4:15  Probe (Chrono Boost)  
  30  4:17  Phoenix  
  30  4:20  Probe (Chrono Boost)  
  30  4:23  Pylon  
  30  4:24  Assimilator  
  33  4:27  Probe (Chrono Boost)  
  33  4:28  Assimilator  
  35  4:32  Probe (Chrono Boost)  
  35  4:36  Probe (Chrono Boost)  
  35  4:37  Probe (Chrono Boost)  
  37  4:43  Probe  
  38  4:46  Probe  
  39  4:55  Photon Cannon  
  17  5:59  Stalker  
  17  6:01  Pylon  
  19  6:04  Nexus  
  19  6:06  Probe (Chrono Boost)  
  20  6:17  Probe (Chrono Boost)  
  21  6:21  Probe (Chrono Boost)  
  21  6:22  Stargate  
  22  6:29  Stalker  
  22  6:32  Probe  
  25  6:44  Probe  
  26  6:56  Probe  
  25  7:08  Probe  
  25  7:10  Photon Cannon  
  25  7:11  Photon Cannon  
  25  7:12  Photon Cannon  
  26  7:16  Pylon  
Show
View Real Time Build Order
Export as new Build Order

Massa Terran 

Build Orders:  

Get SALT Encoding   

  12  0:00  SCV  
  13  0:17  SCV  
  13  0:20  Supply Depot  
  14  0:29  SCV  
  15  0:44  Barracks  
  15  0:46  SCV  
  16  0:51  Refinery  
  16  0:58  SCV  
  17  1:05  Refinery  
  17  1:10  SCV  
  18  1:22  SCV  
  19  1:34  Reaper, SCV  
  19  1:36  Supply Depot  
  21  1:46  SCV  
  22  1:56  Command Center  
  22  2:08  Factory  
  22  2:19  Orbital Command  
  22  2:29  Marine  
  23  2:48  SCV  
  24  2:53  Starport  
  24  2:58  Starport, Marine  
  25  3:25  Orbital Command  
  25  3:26  SCV  
  25  3:28  Factory Tech Lab  
  25  3:30  Starport Tech Lab  
  25  3:35  Supply Depot  
  25  3:38  SCV, Marine  
  27  3:50  Banshee  
  27  3:51  Banshee  
  27  3:55  Factory Tech Lab  
  33  4:01  SCV  
  33  4:02  SCV  
  35  4:05  Barracks Tech Lab, Armory  
  35  4:13  SCV  
  35  4:14  SCV  
  37  4:24  Marine  
  37  4:27  SCV  
  37  4:28  SCV  
  40  4:33  Banshee  
  40  4:34  Banshee  
  46  4:40  Refinery  
  46  4:44  Widow Mine  
  48  4:51  Orbital Command  
  43  5:16  Banshee  
  26  5:39  Widow Mine  
  24  5:49  SCV  
  24  6:01  SCV  
  25  6:13  SCV  
  26  6:22  Command Center  
  26  6:25  Supply Depot  
  26  6:29  Marine  
  27  6:34  SCV  
  28  6:46  SCV, Marine  
  26  6:50  Orbital Command  
  27  6:58  SCV  
  28  7:11  SCV  
Tags
 
Add a new tag
Caveats
  • Supply blocks, unpowered buildings, or Contaminate may cause inaccurate times.
  • Supply counts are checked every 10 seconds.